 Dungeon Crawl Stone Soup version 0.30-a0-715-gdb4ae3ece1 (webtiles) character file.

Game seed: 17514586188794822812

34232 browni3141 the Fey Naga (level 13, -5/117 HPs)
             Began as a Naga Summoner on Jan 24, 2023.
             Was a Believer of Yredelemnul.
             Killed from afar by a rime drake (16 damage)
             ... with an icy flash freeze
             ... in an ice cave.
             The game lasted 00:40:46 (18134 turns).

browni3141 the Fey Naga (Naga Summoner)            Turns: 18134, Time: 00:40:46

Health: -5/117     AC: 11    Str: 11    XL:     13   Next: 76%
Magic:  9/27       EV: 13    Int: 20    God:    Yredelemnul [**....]
Gold:   902        SH: 10    Dex: 12    Spells: 7/32 levels left

rFire   . . .      SeeInvis +    P - +4 trident (freeze)
rCold   + + .      Faith    +    f - +0 kite shield {rC+}
rNeg    . . .      Spirit   .    a - +0 robe
rPois   +          Reflect  .    W - +2 helmet
rElec   .          Harm     .    (no cloak)
rCorr   .          Rampage  .    z - +2 pair of gloves
Will    +....                    (no barding)
Stlth   ++                       F - amulet of faith
HPRegen 0.39/turn                J - ring of protection from cold
MPRegen 0.20/turn                g - +5 ring of evasion

@: studying 2 skills, very slow
A: AC +4, large, see invisible, deformed body, poison resistance, slowness 2,
spit poison 1, naga tail 2
a: Spit Poison, Renounce Religion, Recall Undead Harvest, Dark Bargain


You were in an ice cave.
You worshipped Yredelemnul.
Yredelemnul was pleased with you.
You visited 3 branches of the dungeon, and saw 15 of its levels.
You also visited: Ice Cave.

You collected 902 gold pieces.

Inventory:

Hand Weapons
 s - a +0 trident
 u - a +1 sling of flaming
 H - a +2 short sword of draining
 O - a +1 morningstar of flaming
 P - a +4 trident of freezing (weapon)
Missiles
 B - 3 throwing nets
 Q - 3 curare-tipped darts
Armour
 a - a +0 robe (worn)
 f - a +0 kite shield of cold resistance (worn)
 k - a +0 ring mail of willpower
 z - a +2 pair of gloves (worn)
 W - a +2 helmet (worn)
Jewellery
 d - a +6 ring of intelligence
 e - a ring of wizardry
 g - a +5 ring of evasion (right hand)
 h - a ring of magical power
 j - a +6 ring of intelligence
 m - a ring of magical power
 r - a ring of willpower
 F - an amulet of faith (around neck)
 J - a ring of protection from cold (left hand)
 S - a ring of magical power
 T - a ring of protection from fire
 Z - an amulet of magic regeneration
Wands
 n - a wand of flame (34)
 U - a wand of mindburst (6)
 Y - a wand of digging (8)
Scrolls
 c - 2 scrolls of immolation
 l - a scroll of blinking
 p - 3 scrolls of vulnerability
 q - 3 scrolls of magic mapping
 y - 2 scrolls of teleportation
 C - 3 scrolls of torment
 E - 3 scrolls of noise
 L - 3 scrolls of fog
 M - 4 scrolls of enchant armour
 R - a scroll of amnesia
 V - 3 scrolls of fear
Potions
 b - a potion of magic
 i - 4 potions of might
 o - a potion of berserk rage {unknown}
 t - 3 potions of brilliance
 v - 2 potions of mutation
 w - 2 potions of cancellation {unknown}
 x - 7 potions of curing {unknown}
 A - a potion of lignification {unknown}
 G - a potion of degeneration {unknown}
 I - 3 potions of flight {unknown}
 K - a potion of attraction {unknown}


   Skills:
 - Level 8.0 Fighting
 - Level 1.5 Dodging
 - Level 3.0 Stealth
 * Level 8.7 Shields
 - Level 10.0 Spellcasting
 - Level 2.0 Hexes
 - Level 7.0 Summonings
 - Level 12.0 Air Magic
 - Level 12.8 Invocations
 - Level 3.0 Evocations


You had 7 spell levels left.
You knew the following spells:

 Your Spells              Type           Power      Damage    Failure   Level
a - Summon Small Mammal   Summ           100%       N/A       1%          1
b - Call Imp              Summ           38%        N/A       1%          2
c - Call Canine Familiar  Summ           38%        N/A       2%          3
d - Summon Guardian Gole  Hex/Summ       28%        N/A       6%          3
e - Vhi's Electric Charg  Tloc/Air       68%        N/A       3%          3
f - Summon Lightning Spi  Summ/Air       48%        N/A       2%          4
g - Arcjolt               Conj/Air       17%        1d27      30%         5
h - Airstrike             Air            27%        2d(4-20)  1%          4

Your spell library contained the following spells:

 Spells                   Type           Power      Damage    Failure   Level
 Static Discharge         Conj/Air       68%        2-5/arc   1%          2
 Mephitic Cloud           Conj/Pois/Air  26%        N/A       8%          3
 Apportation              Tloc           20%        N/A       13%         1
 Kiss of Death            Conj/Necr      40%        2d8       13%         1
 Magic Dart               Conj           40%        1d5       13%         1
 Necrotise                Necr           40%        1d6       13%         1
 Confusing Touch          Hex            18%        N/A       17%         3
 Summon Ice Beast         Ice/Summ       24%        N/A       30%         4
 Lightning Bolt           Conj/Air       17%        1d31      30%         5
 Gell's Gravitas          Tloc           10%        N/A       36%         3
 Ozocubu's Armour         Ice            10%        N/A       36%         3
 Teleport Other           Tloc           10%        N/A       36%         3
 Summon Mana Viper        Hex/Summ       28%        N/A       50%         5
 Dispel Undead            Necr           10%        3d9       78%         4
 Blade Hands              Tmut           5%         N/A       98%         5
 Irradiate                Conj/Tmut      5%         3d13      98%         5
 Monstrous Menagerie      Summ           19%        N/A       99%         7
 Dispersal                Tloc           5%         N/A       100%        6
 Dragon Form              Tmut           5%         N/A       100%        7
 Ozocubu's Refrigeration  Ice            5%         4d8       100%        7


Dungeon Overview and Level Annotations

Branches:
Dungeon (11/15)            Temple (1/1) D:5            Lair (3/5) D:8
  Swamp (0/4) Lair:3        Snake (0/4) Lair:3          Orc (0/2) D:11
  IceCv (1/1)

Altars:
Ashenzari
Cheibriados
Dithmenos
Elyvilon
Fedhas
Gozag
Hepliaklqana
Kikubaaqudgha
Makhleb
Nemelex Xobeh
Okawaru
Qazlal
Ru
Sif Muna
Trog
Uskayaw
Vehumet
Wu Jian
Xom
Yredelemnul
Zin
The Shining One

Shops:
D:7 [

Annotations:
D:7 1 runed translucent door
Temple 2 transporters
Lair:3 exclusion: hydra, Rupert


Innate Abilities, Weirdness & Mutations

Your serpentine skin is tough. (AC +4)
You have supernaturally acute eyesight. (SInv)
Armour fits poorly on your strangely shaped body.
Your system is resistant to poisons. (rPois)
You cover ground very slowly.
You can spit poison.
You can use your snake-like lower body to constrict enemies.


Message History

Press: ? - help, Shift-Dir - straight line, f - rime drake, p - ironbound frostheart
Aim: a rime drake (67% to hit)
The bolt of dispelling energy hits the ironbound frostheart!
The ironbound frostheart is almost dead.
The bolt of dispelling energy hits the rime drake!
The rime drake is moderately wounded.
Your death yak zombie is engulfed in blazing flames.
Your death yak zombie barely misses the ironbound frostheart.
Aiming: Quicksilver Bolt
Press: ? - help, Shift-Dir - straight line, f/p - rime drake
Aim: a rime drake (moderately wounded, 67% to hit)
The bolt of dispelling energy hits the ironbound frostheart!!
You kill the ironbound frostheart!
The bolt of dispelling energy hits the rime drake!!
The rime drake is almost dead.
The now-empty wand crumbles to dust.
The dead are walking!
You can now trade souls for undead servants.
The rime drake barely misses your ironbound frostheart zombie.
Something barely misses your ironbound frostheart zombie.
Something claws your ironbound frostheart zombie. x2
What are your orders? t - Shout!
Orders for allies: a - Attack new target. p - Attack previous target. r - Retreat! s - Stop attacking. g - Guard the area. f - Follow me.
Anything else - Cancel.
Gang up on whom?
Press: ? - help, Dir - move target, f/p - rime drake
Aim: a rime drake (almost dead, ally target) Attack!
The rime drake bites your ironbound frostheart zombie.
Your death yak zombie is engulfed in blazing flames.
Your death yak zombie is destroyed!
Something bites your ironbound frostheart zombie!
Something claws your ironbound frostheart zombie. x2
The rime drake breathes ice at you.
The icy flash freeze misses your ironbound frostheart zombie.
The icy flash freeze hits you! You partially resist.
You die...
Your body rises from the dead as a mindless zombie.

## ####.## .#
##.#...#
.####.Z..#~#
#Z#.#.#.##~#####
#Z#...#####~#~~#
#....## #~~###
#..### ##~~#####
..## ##§
#≈○##...# .##
#§.§#°~~#.@[# ##
§§.○.~#~#§..# #
.....#~§.§###
#....##.#§[#
.....#..#Z##
..§..#.##k.#
#... #.###[#
##.#.## #....#


You could see a rime drake (catching breath, ally target) and a friendly
ironbound frostheart zombie.

Vanquished Creatures
  A hydra (Lair:3)
  2 ironbound frosthearts (IceCv)
  6 death yaks
  Joseph (D:9)
  An ice statue (IceCv)
  2 rime drakes
  A tengu conjurer (D:11)
  2 trolls (D:11)
  5 polar bears (IceCv)
  3 blink frogs (Lair:2)
  A vampire (D:10)
  A wraith (D:10)
  A wyvern (D:9)
  12 yaks
  2 humans (D:6)
  A steam dragon (D:8)
  An acid dragon (D:8)
  2 water moccasins (Lair:1)
  3 sky beasts
  2 orc warriors
  9 wolves
  3 kobold brigands
  A necrophage (D:6)
  5 bullfrogs
  A wight (D:9)
  An elephant simulacrum (Lair:3)
  A killer bee (D:11)
  2 howler monkeys
  An electric eel (Lair:3)
  3 hounds (D:5)
  3 orc priests
  A jelly (D:5)
  Jessica (D:3)
  9 orc wizards
  A wolf simulacrum (Lair:3)
  5 gnolls
  An adder (D:5)
  2 worms
  3 dart slugs
  23 orcs
  2 bats
  7 endoplasms
  2 giant cockroaches (D:3)
  A goblin (D:4)
  3 hobgoblins
  3 ball pythons
  2 frilled lizards (D:3)
  9 kobolds
  3 rats
158 creatures vanquished.

Vanquished Creatures (collateral kills)
  2 centaur warriors (D:11)
  A boulder beetle (D:11)
  3 two-headed ogres (D:11)
  A death knight (D:11)
  A death yak (Lair:1)
  An ugly thing zombie (D:11)
  A deep elf pyromancer (D:11)
  2 ugly things (D:11)
  4 cyclopes (D:11)
  A manticore (D:11)
  A black mamba (Lair:2)
  Maggie (D:9)
  A cane toad (Lair:1)
  2 kobold demonologists
  A rime drake (Lair:1)
  4 polar bears (IceCv)
  2 trolls (D:11)
  6 blink frogs (Lair:2)
  A shadow (D:9)
  A human (D:6)
  23 yaks
  A vampire mosquito (D:11)
  2 steam dragons
  2 water moccasins
  An orc warrior (D:9)
  7 wolves
  5 centaurs
  2 bullfrogs
  A kobold brigand (D:9)
  2 gnoll sergeants (D:11)
  A scorpion (D:4)
  7 wights
  5 killer bees (D:11)
  A jelly (D:6)
  4 orc priests
  4 hounds
  3 orc wizards
  6 gnolls
  5 adders
  2 orc zombies (D:8)
  A worm (D:2)
  2 dart slugs
  20 orcs
  2 ball pythons
  2 bats (D:1)
  5 endoplasms
  A giant cockroach (D:1)
  3 goblins (D:2)
  5 hobgoblins
  6 quokkas
  2 frilled lizards
  8 kobolds
  A nameless horror (D:5)
  4 rats (D:1)
183 creatures vanquished.

Vanquished Creatures (others)
  A death yak (IceCv)
  A komodo dragon (Lair:1)
  3 death yak zombies (IceCv)
  A boulder beetle zombie (D:11)
  4 yaks
  2 vampire mosquitoes (D:11)
  2 two-headed ogre zombies (D:11)
  An acid dragon (D:11)
  A spectral troll (D:11)
  A cane toad zombie (Lair:1)
  A spectral yak (IceCv)
  A manticore zombie (D:11)
  An orc warrior (D:10)
  An elf zombie (D:11)
  A blink frog zombie (Lair:2)
  2 wolves
  3 vampire mosquito zombies (D:11)
  A rime drake zombie (Lair:1)
  A cyclops zombie (D:11)
  2 water moccasin zombies (Lair:1)
  5 polar bear zombies (IceCv)
  A tengu zombie (D:11)
  15 yak zombies
  3 troll zombies (D:11)
  12 wolf zombies
  2 bullfrog zombies
  3 centaur zombies
  4 human zombies
  4 killer bee zombies (D:11)
  2 acid dragon zombies
  A sky beast zombie (D:6)
  A howler monkey zombie (D:11)
  A jelly zombie (D:6)
  An orc (D:7)
  4 gnoll zombies (D:11)
  4 kobold zombies (D:10)
  18 orc zombies
  A bush (Lair:1)
  26 fungi
  21 plants
160 creatures vanquished.

Grand Total: 501 creatures vanquished

Notes
Turn   | Place    | Note
-------+----------+-------------------------------------------
     0 | D:1      | browni3141 the Naga Summoner began the quest for the Orb.
     0 | D:1      | Reached XP level 1. HP: 15/15 MP: 3/3
    33 | D:1      | Reached skill level 1 in Fighting
    87 | D:1      | Reached XP level 2. HP: 17/25 MP: 1/5
   285 | D:1      | Learned a level 2 spell: Call Imp
   303 | D:1      | Found a faded altar of an unknown god.
   652 | D:1      | Reached XP level 3. HP: 28/33 MP: 3/6
   656 | D:1      | Learned a level 3 spell: Call Canine Familiar
  1437 | D:2      | Found an ornate altar of the Wu Jian Council.
  1770 | D:2      | Reached XP level 4. HP: 40/40 MP: 4/8
  1812 | D:2      | You fall into a shaft and drop 1 floor!
  2031 | D:3      | Found a stormy altar of Qazlal.
  2032 | D:3      | Found an ornate altar of the Wu Jian Council.
  2037 | D:3      | Found a radiant altar of Vehumet.
  2212 | D:2      | Learned a level 3 spell: Summon Guardian Golem
  2412 | D:3      | Noticed Jessica
  2416 | D:3      | Reached skill level 1 in Hexes
  2416 | D:3      | Killed Jessica
  2417 | D:3      | Reached XP level 5. HP: 12/46 MP: 10/10
  2550 | D:3      | Reached skill level 1 in Evocations
  3212 | D:4      | Reached XP level 6. HP: 50/55 MP: 7/11
  3393 | D:4      | Found a shadowy altar of Dithmenos.
  3813 | D:4      | Reached skill level 5 in Summonings
  3866 | D:5      | Entered Level 5 of the Dungeon
  4174 | D:5      | Reached XP level 7. HP: 57/61 MP: 12/12
  4361 | D:5      | Learned a level 3 spell: Vhi's Electric Charge
  4379 | D:5      | Found a staircase to the Ecumenical Temple.
  4437 | Temple   | Entered the Ecumenical Temple
  4437 | Temple   | Found a transporter.
  4437 | Temple   | Found a transporter.
  4439 | Temple   | Found a transporter.
  4439 | Temple   | Found a transporter.
  4462 | Temple   | Became a worshipper of Yredelemnul the Dark
  4909 | D:5      | Reached * piety under Yredelemnul
  5093 | D:5      | Found an ancient bone altar of Kikubaaqudgha.
  5343 | D:5      | Reached ** piety under Yredelemnul
  5900 | D:6      | Reached XP level 8. HP: 67/68 MP: 12/15
  6012 | D:6      | Reached skill level 5 in Spellcasting
  6019 | D:6      | Learned a level 4 spell: Summon Lightning Spire
  6578 | D:7      | Found Ajaeghecw's Antique Armour Boutique.
  6607 | D:7      | Found a runed translucent door.
  6608 | D:7      | Noticed a sixfirhy
  6789 | D:7      | Reached skill level 5 in Air Magic
  6961 | D:7      | Reached XP level 9. HP: 70/74 MP: 18/18
  6985 | D:7      | Reached *** piety under Yredelemnul
  7955 | D:8      | Reached skill level 1 in Invocations
  8092 | D:8      | Reached skill level 5 in Invocations
  8313 | D:8      | Found a staircase to the Lair.
  8396 | D:8      | Reached XP level 10. HP: 84/84 MP: 19/19
  8689 | D:9      | Noticed Joseph
  8706 | D:9      | Noticed Maggie
  8708 | D:9      | Killed Joseph
  8709 | D:9      | Reached skill level 5 in Fighting
  8718 | D:9      | Killed Maggie
  8893 | D:9      | Found an opulent altar of Gozag.
  8952 | D:9      | Your ally Maggie died
  9294 | D:9      | Found a glowing golden altar of the Shining One.
  9633 | D:10     | Entered Level 10 of the Dungeon
  9637 | D:10     | Noticed a kobold demonologist
  9637 | D:10     | Noticed a kobold demonologist
  9645 | D:10     | Noticed a sun demon
  9648 | D:10     | Killed a kobold demonologist
  9926 | D:9      | Killed a kobold demonologist
 11332 | D:11     | Reached XP level 11. HP: 103/103 MP: 18/20
 11468 | D:11     | Learned a level 5 spell: Arcjolt
 11720 | D:11     | Noticed a two-headed ogre
 11729 | D:11     | Killed a two-headed ogre
 11812 | D:11     | Found a staircase to the Orcish Mines.
 11812 | D:11     | Noticed a two-headed ogre
 11812 | D:11     | Noticed a manticore
 11817 | D:11     | Killed a two-headed ogre
 11820 | D:11     | Killed a manticore
 11830 | D:11     | Reached **** piety under Yredelemnul
 11839 | D:11     | Noticed a boulder beetle
 11852 | D:11     | Killed a boulder beetle
 11915 | D:11     | Noticed a centaur warrior
 11922 | D:11     | Killed a centaur warrior
 11931 | D:11     | Reached skill level 10 in Air Magic
 11991 | D:11     | Noticed a cyclops
 11995 | D:11     | Killed a cyclops
 12113 | D:11     | Noticed a cyclops
 12119 | D:11     | Killed a cyclops
 12161 | D:11     | Noticed a deep elf pyromancer
 12172 | D:11     | Killed a deep elf pyromancer
 12202 | D:11     | Noticed a death knight
 12221 | D:11     | Killed a death knight
 12222 | D:11     | Reached XP level 12. HP: 19/110 MP: 24/24
 12649 | D:11     | Noticed a two-headed ogre
 12656 | D:11     | Killed a two-headed ogre
 12845 | D:11     | Noticed a centaur warrior
 12858 | D:11     | Killed a centaur warrior
 13774 | Lair:1   | Entered Level 1 of the Lair of Beasts
 13774 | Lair:1   | Noticed a death yak
 13774 | Lair:1   | Noticed a death yak
 13780 | Lair:1   | Noticed a death yak
 13783 | Lair:1   | Noticed a death yak
 13786 | Lair:1   | You fall into a shaft and drop 1 floor!
 13808 | Lair:2   | Reached skill level 10 in Invocations
 14040 | Lair:2   | Reached ***** piety under Yredelemnul
 14064 | Lair:2   | Reached ****** piety under Yredelemnul
 14072 | Lair:2   | Learned a level 4 spell: Airstrike
 14958 | Lair:1   | Identified the +2 chain mail of Baldness {Will+ Dex+4}
 15280 | Lair:1   | Killed a death yak
 15281 | Lair:1   | Killed a death yak
 15282 | Lair:1   | Gained mutation: You can use your snake-like lower body to
                  | constrict enemies. [Naga growth]
 15282 | Lair:1   | Reached XP level 13. HP: 77/117 MP: 24/26
 16408 | Lair:3   | Noticed Rupert
 16472 | Lair:3   | Found a frozen archway.
 16502 | Lair:3   | Reached skill level 10 in Spellcasting
 16505 | IceCv    | Entered an ice cave
 17104 | IceCv    | Reached skill level 1 in Shields
 17507 | IceCv    | Reached skill level 5 in Shields
 18119 | IceCv    | HP: 5/117 [ironbound frostheart/creeping frost (5)]
 18134 | IceCv    | Killed from afar by a rime drake

Illustrated notes

Levels and vault maps discovered:
D:1:      psy_arrival_statuary, layout_basic, shapermc_ecumenical_altar_venn,
          hangedman_feature_mirror, corexii_hall_statues_t, minivault_5
D:2:      layout_loops_cross, basic_altar
D:3:      layout_basic, gammafunk_temple_overflow_forgotten, uniq_jessica
D:4:      layout_basic, grunt_dithmenos_smoke_and_mirrors
D:5:      layout_layer_cave, mainiacjoe_overflow_six_doors_small,
          minmay_temple_entry_junction
D:6:      layout_basic, minmay_ruffians
D:7:      cheibrodos_shockbox, layout_cave_pools, serial_shops, shop
D:8:      layout_rooms, lair_entry_dummy
D:9:      layout_long_grid, tso_metal_star, grunt_gozag_breadcrumbs,
          serial_rivers, chequers_serial_rivers_small_a,
          chequers_serial_rivers_micro_c, chequers_serial_rivers_small_b,
          chequers_serial_rivers_micro_e, chequers_serial_rivers_small_3,
          chequers_serial_rivers_small_3, minivault_27, uniq_joseph, uniq_maggie
D:10:     layout_basic, patterned_corridor
D:11:     minmay_the_grid_triangle_9x9_recursive_3_mashed
          [minmay_the_grid_triangle_9x9_thin_v,
          minmay_the_grid_triangle_9x9_longest,
          minmay_the_grid_triangle_9x9_impossible_snake,
          minmay_the_grid_triangle_9x9_prize_top_heavy,
          minmay_the_grid_triangle_9x9_corrupted_corridor,
          minmay_the_grid_triangle_9x9_checkered,
          minmay_the_grid_triangle_9x9_limited_checkers,
          minmay_the_grid_triangle_9x9_windchime,
          minmay_the_grid_triangle_9x9_semitri], layout_grid_maze, david_orc_3
Temple:   hellmonk_temple_divided_pantheon
Lair:1:   layout_chaotic_city
Lair:2:   wander_river, layout_chaotic_city
Lair:3:   layout_regular_city, nicolae_swamp_entry_splash_gauntlet,
          dummy_snake_entry, portal_ice_cave_entry_ice_simulacra,
          serial_bayou_shore_a, uniq_rupert
IceCv:    ice_cave_caverns_03

Skill      XL: |  1  2  3  4  5  6  7  8  9 10 11 12 13 |
---------------+----------------------------------------+-----
Fighting       | 1 2 3 8 |  8.0
Spellcasting   | 3 4 6 8 9 10 | 10.0
Hexes          | 2 |  2.0
Evocations     | 3 |  3.0
Summonings     | 5 6 7 |  7.0
Air Magic      | 5 8 11 12 | 12.0
Invocations    | 5 7 8 12 | 12.8
Shields        | 8 |  8.7
Dodging        | |  1.5
Stealth        | |  3.0

Action                     |  1- 3 |  4- 6 |  7- 9 | 10-12 | 13-15 || total
---------------------------+-------+-------+-------+-------+-------++-------
  Melee: Unarmed           |    61 |       |    27 |       |       ||    88
         Falchion          |       |   145 |    20 |       |       ||   165
         Punch             |       |     3 |     4 |     6 |       ||    13
         Short sword       |       |       |   163 |    37 |       ||   200
         Trident           |       |       |    11 |   343 |   119 ||   473
         Constrict         |       |       |       |       |    25 ||    25
   Fire: Sling             |       |       |       |     9 |       ||     9
   Cast: Summon Small Mamm |    27 |       |     2 |       |       ||    29
         Call Canine Famil |    10 |    19 |    24 |    30 |       ||    83
         Call Imp          |       |     1 |     1 |       |       ||     2
         Summon Lightning  |       |       |    12 |    30 |     2 ||    44
         Summon Guardian G |       |       |     1 |     7 |     4 ||    12
         Vhi's Electric Ch |       |       |     1 |       |       ||     1
         Arcjolt           |       |       |       |     1 |     4 ||     5
         Airstrike         |       |       |       |       |    39 ||    39
 Invoke: Recall Undead Har |       |       |       |       |     3 ||     3
Ability: Spit Poison       |     3 |       |       |       |       ||     3
  Evoke: Wand              |       |     7 |     3 |     7 |    11 ||    28
    Use: Scroll            |       |     5 |       |     9 |    10 ||    24
         Potion            |       |       |       |       |     4 ||     4
   Stab: Distracted        |     1 |       |     6 |     8 |     4 ||    19
         Sleeping          |     1 |     5 |     2 |       |       ||     8
 Armour: Robe              |     3 |    35 |    85 |   140 |    62 ||   325
  Dodge: Dodged            |    37 |   150 |   183 |   360 |   108 ||   838
  Block: Kite shield       |       |       |       |       |    51 ||    51

Table legend: (Time is in decaauts)
 A = Elapsed time spent in this place.
 B = Non-inter-level travel time spent in this place.
 C = Inter-level travel time spent in this place.
 D = Time resting spent in this place.
 E = Time spent auto-exploring this place.
 F = Levels seen in this place.
 G = Mean time per level.
                   A        B        C        D        E       F      G
               +--------+--------+--------+--------+--------+-----+--------+
         Total |  22145 |  21360 |    785 |   2317 |  15441 |  16 | 1384.1 |
       Dungeon |  16778 |  16054 |    724 |   1139 |  12252 |  11 | 1525.3 |
        Temple |     57 |     48 |      9 |      0 |      7 |   1 |   57.0 |
          Lair |   3474 |   3423 |     51 |    176 |   2822 |   3 | 1158.0 |
      Ice Cave |   1834 |   1834 |      0 |   1002 |    359 |   1 | 1834.0 |
               +--------+--------+--------+--------+--------+-----+--------+

Top non-repeatable levels by time:
    D:11: 2580 daAuts
  Lair:1: 2106 daAuts
     D:5: 2032 daAuts
    D:10: 1848 daAuts
   IceCv: 1834 daAuts
     D:9: 1833 daAuts
     D:1: 1484 daAuts
     D:8: 1322 daAuts
     D:6: 1277 daAuts
  Lair:2: 1255 daAuts
     D:3: 1195 daAuts
     D:2: 1121 daAuts
     D:7: 1059 daAuts
     D:4: 1023 daAuts
  Lair:3: 113 daAuts
